 Dungeon Crawl Stone Soup version 0.30-a0-1066-g63dfefce0d (webtiles) character file.

Game seed: 4031844779465208636

8492 Zeldest the Fighter (level 11, -13/124 HPs)
             Began as an Ogre Fighter on Apr 13, 2023.
             Was an Elder of Okawaru.
             Mangled by a two-headed ogre
             ... wielding a +0 dire flail
              (20 damage)
             ... on level 9 of the Dungeon.
             The game lasted 00:10:40 (8511 turns).

Zeldest the Fighter (Ogre Fighter)                  Turns: 8511, Time: 00:10:41

Health: -13/124    AC: 12    Str: 26    XL:     11   Next: 31%
Magic:  23/24      EV: 11    Int:  9    God:    Okawaru [****..]
Gold:   509        SH:  0    Dex:  8    Spells: 10/10 levels left

rFire   . . .      SeeInvis +    a - +0 giant spiked club
rCold   . . .      Faith    .    (shield currently unavailable)
rNeg    . . .      Spirit   .    E - +0 troll leather armour
rPois   .          Reflect  .    D - +2 hat {SInv}
rElec   .          Rampage  .    h - scarf {+Inv}
rCorr   .                        (gloves unavailable)
Will    +....                    (boots unavailable)
Stlth   ++                       (no amulet)
HPRegen 1.20/turn                s - +4 ring of protection
MPRegen 0.19/turn                y - ring of magical power

@: heroic
A: large, unfitting armour, tough skin 1
a: Renounce Religion, Evoke Invisibility, Heroism, Finesse


You were on level 9 of the Dungeon.
You worshipped Okawaru.
Okawaru was greatly pleased with you.
You visited 2 branches of the dungeon, and saw 10 of its levels.

You collected 509 gold pieces.

Inventory:

Hand Weapons
 a - a +0 giant spiked club (weapon)
Missiles
 F - 5 throwing nets (quivered)
Armour
 h - a scarf of invisibility (worn)
 D - a +2 hat of see invisible (worn)
 E - a +0 troll leather armour (worn)
Magical Staves
 t - the staff of fire "Beit" {+Blink rF+ Str+4 Int-5 Dex+3}
   (You found it on level 4 of the Dungeon)

   [staff of fire]

   Base accuracy: +5 Base damage: 5 Base attack delay: 1.2 This weapon's minimum
   attack delay (0.6) is reached at skill level 12.
   Str:       It affects your strength (+4).
   Int:       It affects your intelligence (-5).
   Dex:       It affects your dexterity (+3).
   rF:        It protects you from fire.
   +Blink:    It lets you blink.
   It falls into the 'Staves' category.
   It is a one-handed weapon.
Jewellery
 s - a +4 ring of protection (left hand)
 y - a ring of magical power (right hand)
 A - a ring of fire
Wands
 b - a wand of iceblast (7)
 o - a wand of digging (2)
 v - a wand of flame (18)
 C - a wand of acid (2)
Scrolls
 c - a scroll of acquirement {unknown}
 i - 6 scrolls of noise {unknown}
 j - 2 scrolls of enchant armour {unknown}
 k - 6 scrolls of teleportation {unknown}
 l - a scroll of butterflies {unknown}
 m - 3 scrolls of poison {unknown}
 p - a scroll of fog {unknown}
 q - 5 scrolls of identify {unknown}
 r - a scroll of vulnerability {unknown}
 w - 2 scrolls of fear {unknown}
 H - a scroll of amnesia {unknown}
 I - a scroll of immolation {unknown}
 J - 2 scrolls of magic mapping {unknown}
Potions
 d - 2 potions of flight {unknown}
 e - a potion of brilliance
 f - 2 potions of lignification {unknown}
 g - 2 potions of cancellation {unknown}
 n - a potion of curing {unknown}
 u - a potion of resistance {unknown}
 x - 2 potions of berserk rage {unknown}
 z - 2 potions of mutation {unknown}
 B - 2 potions of invisibility {unknown}
 G - a potion of attraction {unknown}


   Skills:
 + Level 12.4(17.4) Fighting
 * Level 11.9(16.9) Maces & Flails
 - Level 2.5(7.5) Armour
 - Level 2.6(7.6) Dodging
 - Level 4.0(9.0) Shields
 + Level 6.1 Invocations


You had 10 spell levels left.
You didn't know any spells.
Your spell library contained the following spells:

 Spells                   Type           Power      Damage    Failure   Level
 Apportation              Tloc           0%         N/A       41%         1
 Slow                     Hex            0%         N/A       41%         1
 Poisonous Vapours        Pois/Air       0%         N/A       56%         2
 Confusing Touch          Hex            0%         N/A       80%         3
 Mephitic Cloud           Conj/Pois/Air  0%         N/A       80%         3
 Vampiric Draining        Necr           0%         2d6       80%         3
 Blade Hands              Tmut           0%         N/A       100%        5
 Freezing Cloud           Conj/Ice/Air   0%         6-21      100%        5
 Irradiate                Conj/Tmut      0%         3d11      100%        5
 Dragon Form              Tmut           0%         N/A       100%        7


Dungeon Overview and Level Annotations

Branches:
Dungeon (9/15) Zot: 26370  Temple (1/1) D:7 Zot: 5980
   Lair: D:8-11         Orc: D:9-12

Altars:
Ashenzari
Cheibriados
Dithmenos
Elyvilon
Hepliaklqana
Kikubaaqudgha
Nemelex Xobeh
Okawaru
Ru
Sif Muna
Vehumet
Wu Jian
Yredelemnul
Zin

Shops:
D:1 *   D:6 :

Annotations:
D:7 exclusion: oklob plant


Innate Abilities, Weirdness & Mutations

You are too large for most types of armour.
You have tough skin. (AC +1)


Message History

The orc warrior hits you with a +0 trident!
You barely miss the two-headed ogre.
The two-headed ogre is heavily wounded.
The two-headed ogre hits you with a +0 dire flail!!
The two-headed ogre hits you with a +0 giant spiked club.
A yak comes into view.
The orc warrior hits you with a +0 trident.
The yak bellows!
You hit the two-headed ogre.
The two-headed ogre is heavily wounded.
You hear a bellow! x2
You barely miss the two-headed ogre.
The two-headed ogre is heavily wounded.
You hear an angry hiss.
The orc warrior barely misses you.
The two-headed ogre hits you with a +0 dire flail!
The two-headed ogre hits you with a +0 giant spiked club!
A water moccasin comes into view.
You bludgeon the two-headed ogre!!
The two-headed ogre is almost dead.
The orc warrior completely misses you.
The two-headed ogre hits you with a +0 dire flail!
The two-headed ogre hits you with a +0 giant spiked club!!
* * * LOW HITPOINT WARNING * * *
Okay, then.
Okay, then.
You hit the orc warrior but do no damage.
The two-headed ogre hits you but does no damage.
The two-headed ogre hits you with a +0 giant club!!
* * * LOW HITPOINT WARNING * * *
The orc warrior hits you but does no damage.
You flatten the two-headed ogre like a pancake!!!
You kill the two-headed ogre!
Okawaru is honoured by your kill.
The orc warrior hits you but does no damage.
A yak comes into view.
The two-headed ogre hits you with a +0 dire flail!
* * * LOW HITPOINT WARNING * * *
The two-headed ogre hits you with a +0 giant club!!
You die...

......##......##
###......##....
......#........#
#.....####....
...#..#........#
.......# .....
...####........#
...:...# .... ...#
#........#########
.... ##.#
##......###......#
[... ### ##....##
#...$..# ###
####'####)$....# #
Y...Y.o@O...$.# #
########S.$...#
.....O'....[.#
......########
...... ..$$. .[O.$
..$$ . .... .


You could see a two-headed ogre, 2 yaks, an orc warrior and a water moccasin.

Vanquished Creatures
  Gastronok (D:8)
  Harold (D:9)
  2 two-headed ogres (D:9)
  Pikel (D:5)
  Joseph (D:9)
  A troll (D:8)
  Grinder (D:4)
  Prince Ribbit (D:5)
  A shadow (D:9)
  7 yaks
  Eustachio (D:5)
  A wyvern (D:8)
  2 steam dragons
  Grum (D:9)
  3 water moccasins
  A sky beast (D:7)
  2 black bears
  An ice beast (D:7)
  An ogre (D:4)
  4 wolves
  6 centaurs
  A lemure (D:4)
  A kobold brigand (D:7)
  2 gnoll sergeants
  3 bullfrogs
  2 scorpions
  3 killer bees
  A howler monkey (D:9)
  An electric eel (D:7)
  2 hounds
  3 jellies
  2 gnoll boudas
  An orc priest (D:4)
  A sleepcap (D:4)
  Ijyb (D:3)
  6 orc wizards
  3 iguanas (D:5)
  14 gnolls
  2 adders
  A shadow imp (D:6)
  A white imp (D:6)
  An ufetubus (D:6)
  2 worms
  3 dart slugs
  16 orcs
  3 bats (D:1)
  17 endoplasms
  2 giant cockroaches
  5 hobgoblins
  5 jackals
  12 kobolds
  3 quokkas (D:1)
  8 ball pythons
  2 frilled lizards (D:3)
  2 goblins (D:1)
  4 rats
176 creatures vanquished.

Vanquished Creatures (others)
  7 fungi (D:7)
7 creatures vanquished.

Grand Total: 183 creatures vanquished

Notes
Turn   | Place    | Note
-------+----------+-------------------------------------------
     0 | D:1      | Zeldest the Ogre Fighter began the quest for the Orb.
     0 | D:1      | Reached XP level 1. HP: 24/24 MP: 1/1
    29 | D:1      | Reached XP level 2. HP: 11/32 MP: 2/2
   343 | D:1      | Reached XP level 3. HP: 40/40 MP: 3/3
   383 | D:1      | Found Naigant's Assorted Antiques.
  1294 | D:3      | Noticed Ijyb
  1302 | D:3      | Killed Ijyb
  1303 | D:3      | Reached XP level 4. HP: 41/49 MP: 4/4
  1747 | D:4      | Identified the staff of fire "Beit" {+Blink rF+ Str+4 Int-5
                  | Dex+3}
  1822 | D:4      | Noticed an ogre
  1837 | D:4      | Killed an ogre
  1838 | D:4      | Reached skill level 5 in Fighting
  1838 | D:4      | Reached XP level 5. HP: 38/57 MP: 5/5
  2361 | D:4      | Noticed Grinder
  2363 | D:4      | Paralysed by Grinder for 2 turns
  2372 | D:4      | Paralysed by Grinder for 4 turns
  2381 | D:4      | Killed Grinder
  2382 | D:4      | Reached skill level 6 in Fighting
  2382 | D:4      | Reached skill level 1 in Armour
  2382 | D:4      | Reached XP level 6. HP: 36/67 MP: 6/6
  2718 | D:4      | Found a snail-covered altar of Cheibriados.
  2733 | D:4      | Reached XP level 7. HP: 54/75 MP: 7/7
  2922 | D:5      | Entered Level 5 of the Dungeon
  2935 | D:5      | Reached skill level 5 in Maces & Flails
  2935 | D:5      | Noticed Prince Ribbit
  2956 | D:5      | Killed Prince Ribbit
  3076 | D:5      | Noticed Eustachio
  3086 | D:5      | Killed Eustachio
  3188 | D:5      | Reached skill level 7 in Fighting
  3189 | D:5      | Reached XP level 8. HP: 20/87 MP: 8/8
  3439 | D:5      | Found a basalt altar of Yredelemnul.
  3464 | D:5      | Noticed Pikel
  3797 | D:5      | Found a white marble altar of Elyvilon.
  3858 | D:5      | HP: 1/87 [gnoll/+0 spear[a gnoll bouda] (4)]
  4354 | D:5      | Killed Pikel
  4355 | D:5      | Reached skill level 8 in Fighting
  4355 | D:5      | Reached XP level 9. HP: 39/97 MP: 9/9
  4715 | D:6      | Reached skill level 9 in Fighting
  4770 | D:6      | Found Kuacuraa's Book Boutique.
  5932 | D:7      | Found a staircase to the Ecumenical Temple.
  5961 | D:7      | Reached skill level 10 in Fighting
  6200 | D:7      | Found a sparkling altar of Nemelex Xobeh.
  6231 | Temple   | Entered the Ecumenical Temple
  6241 | Temple   | Became a worshipper of Warmaster Okawaru
  6310 | D:7      | Noticed an oklob plant
  6394 | D:7      | Reached skill level 1 in Invocations
  6658 | D:8      | Reached XP level 10. HP: 111/111 MP: 11/11
  6751 | D:8      | Reached * piety under Okawaru
  6752 | D:8      | Reached skill level 10 in Maces & Flails
  6847 | D:8      | Noticed Gastronok
  6859 | D:8      | Killed Gastronok
  6859 | D:8      | Reached ** piety under Okawaru
  6860 | D:8      | Reached skill level 11 in Fighting
  7327 | D:8      | Reached *** piety under Okawaru
  7900 | D:9      | Noticed Joseph
  8067 | D:9      | Killed Joseph
  8088 | D:9      | Noticed Grum
  8097 | D:9      | Killed Grum
  8210 | D:9      | Found a radiant altar of Vehumet.
  8210 | D:9      | Found an ancient bone altar of Kikubaaqudgha.
  8216 | D:9      | Found a shimmering blue altar of Sif Muna.
  8223 | D:9      | Got Sif Muna's Dissertation on the Traveller
  8254 | D:9      | Noticed Harold
  8270 | D:9      | Killed Harold
  8271 | D:9      | Reached skill level 5 in Invocations
  8271 | D:9      | Reached XP level 11. HP: 102/123 MP: 11/14
  8280 | D:9      | Reached skill level 12 in Fighting
  8304 | D:9      | Reached **** piety under Okawaru
  8401 | D:9      | Noticed a two-headed ogre
  8416 | D:9      | Killed a two-headed ogre
  8501 | D:9      | Noticed a two-headed ogre
  8501 | D:9      | Noticed a two-headed ogre
  8511 | D:9      | Killed a two-headed ogre
  8511 | D:9      | Mangled by a two-headed ogre

Illustrated notes

Levels and vault maps discovered:
D:1:      dpeg_arrival_tiny_g, layout_basic, serial_shops, shop
D:2:      layout_loops_cross
D:3:      layout_rooms, minmay_misc_feat_more_columns,
          wad_floor_pattern_untrapped, uniq_ijyb
D:4:      layout_basic, marbit_many_paths, serial_corexii_hall,
          chequers_hall_statues_corner_a, corexii_hall_statues_l, uniq_grinder
D:5:      layout_cave_pools, kennysheep_ying_yang, minivault_5,
          uniq_prince_ribbit1, uniq_eustachio, uniq_pikel
D:6:      layout_basic, serial_shops, nicolae_shop_crystal, serial_bayou_pond_d
D:7:      lemuel_slime, layout_rooms, mainiacjoe_overflow_alcove_1,
          temple_fountains, kennysheep_generic_room_9
D:8:      layout_gridville, uniq_gastronok
D:9:      minmay_polygon_palace, layout_cave_pools,
          grunt_temple_overflow_magic_moments, uniq_harold, uniq_joseph,
          uniq_grum
Temple:   hellmonk_temple_of_storms

Skill      XL: |  1  2  3  4  5  6  7  8  9 10 11 |
---------------+----------------------------------+-----
Maces & Flails | 2 3 4 5 7 9 11 | 11.9
Fighting       | 5 6 7 8 10 11 12 | 12.4
Shields        | 4 |  4.0
Armour         | 1 2 |  2.5
Invocations    | 2 5 6 |  6.1
Dodging        | |  2.6

Action                     |  1- 3 |  4- 6 |  7- 9 | 10-12 || total
---------------------------+-------+-------+-------+-------++-------
  Melee: Flail             |    80 |    71 |       |       ||   151
         Giant club        |       |    15 |   316 |   134 ||   465
         Giant spiked club |       |       |       |    19 ||    19
 Invoke: Heroism           |       |       |       |     3 ||     3
  Evoke: Wand              |       |       |       |     5 ||     5
    Use: Potion            |       |     1 |     4 |       ||     5
 Armour: Robe              |    22 |    26 |   140 |    11 ||   199
         Troll leather arm |       |       |       |    68 ||    68
  Dodge: Dodged            |    23 |    30 |   188 |   116 ||   357
  Block: Kite shield       |    27 |     7 |       |       ||    34
         Tower shield      |       |    57 |       |       ||    57

Table legend: (Time is in decaauts)
 A = Elapsed time spent in this place.
 B = Non-inter-level travel time spent in this place.
 C = Inter-level travel time spent in this place.
 D = Time resting spent in this place.
 E = Time spent auto-exploring this place.
 F = Levels seen in this place.
 G = Mean time per level.
                   A        B        C        D        E       F      G
               +--------+--------+--------+--------+--------+-----+--------+
         Total |   8659 |   8451 |    208 |   2948 |   3811 |  10 |  865.9 |
       Dungeon |   8639 |   8441 |    198 |   2948 |   3806 |   9 |  959.9 |
        Temple |     19 |     10 |      9 |      0 |      5 |   1 |   19.0 |
               +--------+--------+--------+--------+--------+-----+--------+

Top non-repeatable levels by time:
     D:5: 1598 daAuts
     D:8: 1461 daAuts
     D:4: 1437 daAuts
     D:7: 1068 daAuts
     D:6: 735 daAuts
     D:1: 729 daAuts
     D:9: 551 daAuts
     D:2: 538 daAuts
     D:3: 518 daAuts
  Temple: 19 daAuts
